 Dungeon Crawl Stone Soup version 0.21-a0-371-gd56c60c (webtiles) character file.

154 Drevant the Grasshopper (level 5, -5/43 HPs)
             Began as a Gnoll Warper on Oct 16, 2017.
             Slain by an orc priest
             ... wielding a +0 flail
              (8 damage)
             ... on level 4 of the Dungeon.
             The game lasted 00:09:17 (2823 turns).

Drevant the Grasshopper (Gnoll Warper)              Turns: 2823, Time: 00:09:17

Health: -5/43      AC:  3    Str: 14    XL:     5   Next: 36%
Magic:  12/12      EV: 14    Int: 16    God:
Gold:   151        SH:  0    Dex: 14    Spells: 10/14 levels left

rFire    . . .     SeeInvis .   a - +0 spear
rCold    . . .     Gourm    .   (no shield)
rNeg     . . .     Faith    .   b - +0 leather armour
rPois    .         Spirit   .   (no helmet)
rElec    .         Reflect  .   (no cloak)
rCorr    .         Harm     .   (no gloves)
MR       .....                  (no boots)
Stlth    ++........             (no amulet)
HPRegen  0.14/turn              (no ring)
MPRegen  0.13/turn              (no ring)

@: lethally poisoned (-5 -> -10), slowed, very slow
A: distributed training, fangs 1, strong nose
a: no special abilities


You were on level 4 of the Dungeon.
You were not hungry.

You visited 1 branch of the dungeon, and saw 4 of its levels.

You collected 151 gold pieces.

Inventory:

Hand Weapons
 a - a +0 spear (weapon)
Missiles
 l - 55 stones (quivered)
Armour
 b - a +0 leather armour (worn)
Jewellery
 m - an uncursed amulet of rage {unknown}
Wands
 q - a wand of flame (16/48)
Scrolls
 e - 2 scrolls of enchant weapon {unknown}
 g - 3 scrolls of noise {unknown}
 j - 8 scrolls of identify {unknown}
 k - a scroll of immolation {unknown}
 n - a scroll of fear {unknown}
 o - 3 scrolls of remove curse {unknown}
 s - a scroll of teleportation {unknown}
Potions
 d - a potion of resistance {unknown}
 p - 2 potions of curing {unknown}
 r - a potion of flight {unknown}
Books
 c - a book of Spatial Translocations

   Spells                             Type                      Level
   a - Blink                          Translocation                2
   b - Shroud of Golubria             Charms/Translocation         2
   c - Lesser Beckoning               Translocation                3
   d - Gell's Gravitas                Translocation                3
   e - Teleport Other                 Translocation                3
   f - Passage of Golubria            Translocation                4
Comestibles
 f - 3 bread rations
 h - 3 chunks of flesh
 i - a meat ration


   Skills:
 + Level 4.7 Fighting
 + Level 1.4 Short Blades
 + Level 1.4 Long Blades
 + Level 1.4 Axes
 + Level 1.4 Maces & Flails
 + Level 4.7 Polearms
 + Level 1.4 Staves
 + Level 1.4 Slings
 + Level 1.4 Bows
 + Level 1.4 Crossbows
 + Level 2.9 Throwing
 + Level 2.9 Armour
 + Level 4.7 Dodging
 + Level 1.4 Stealth
 + Level 1.4 Shields
 + Level 1.4 Unarmed Combat
 + Level 5.2 Spellcasting
 + Level 1.1 Conjurations
 + Level 1.1 Hexes
 + Level 1.1 Charms
 + Level 1.1 Summonings
 + Level 1.1 Necromancy
 + Level 5.5 Translocations
 + Level 1.1 Transmutations
 + Level 1.1 Fire Magic
 + Level 1.1 Ice Magic
 + Level 1.1 Air Magic
 + Level 1.1 Earth Magic
 + Level 1.1 Poison Magic
 + Level 1.6 Invocations
 + Level 1.4 Evocations


You had 10 spell levels left.
You knew the following spells:

 Your Spells              Type           Power        Failure   Level  Hunger
a - Blink                 Tloc           N/A          2%          2    #......
b - Shroud of Golubria    Chrm/Tloc      ##........   7%          2    #......


Dungeon Overview and Level Annotations

Branches:
Dungeon (4/15)
 Temple: D:4-7

Altars:
Sif Muna

Annotations:
D:3 Crazy Yiuf


Innate Abilities, Weirdness & Mutations

Your experience applies equally to all skills.
You have very sharp teeth.
Your uncanny sense of smell can sniff out nearby items.


Message History

* * * LOW HITPOINT WARNING * * *
You hit the orc priest.
The orc priest is almost dead.
You feel sick.
The orc wizard gestures at you while chanting.
You feel yourself slow down. The adder bites you.
* * * LOW HITPOINT WARNING * * *
You are more poisoned.
The adder poisons you! The orc priest misses you.
The orc wizard gestures at you while chanting.
You resist with some effort. The adder bites you but does no damage.
You closely miss the orc priest.
The orc priest is almost dead.
* * * LOW HITPOINT WARNING * * *
You feel sick. The orc wizard hits you with a dagger.
* * * LOW HITPOINT WARNING * * *
The adder bites you.
* * * LOW HITPOINT WARNING * * *
The orc priest hits you with a flail!
You die...

.. . #.. ..#...# . ..
.. ..# ###.#..o##.. ..
... #.# ≈#......(..
O... #.# #..!......
.....##.# #.........
........# #.........
#.+ #..#......
#S######......... ..
#.@oo..........## ...##
###o...........#
.)....####.#.##.......#
..#....#....#..>.....#
..........<...........#
..............#.......#
.#............#.......#
..............#.......
.##.......<..##


You could see an orc priest, an orc wizard, an adder and an orc.

Vanquished Creatures
  A hound (D:2)
  A worker ant (D:4)
  2 adders
  2 oozes
  2 worms (D:2)
  A dart slug (D:2)
  3 leopard geckos
  4 orcs
  7 bats
  A giant cockroach (D:2)
  3 hobgoblins (D:1)
  4 jackals
  A quokka (D:3)
  A ball python (D:1)
  7 frilled lizards
  6 goblins
  7 kobolds
  6 rats
59 creatures vanquished.

Notes
Turn   | Place    | Note
-------+----------+-------------------------------------------
     0 | D:1      | Drevant the Gnoll Warper began the quest for the Orb.
     0 | D:1      | Reached XP level 1. HP: 20/20 MP: 6/6
    72 | D:1      | You fall through a shaft!
   225 | D:1      | Reached XP level 2. HP: 26/26 MP: 7/7
   497 | D:1      | Reached XP level 3. HP: 29/31 MP: 9/9
   558 | D:1      | Reached skill level 5 in Spellcasting
   794 | D:2      | Learned a level 2 spell: Blink
   820 | D:2      | Learned a level 2 spell: Shroud of Golubria
   971 | D:2      | Reached skill level 1 in Invocations
  1047 | D:2      | Reached skill level 1 in Short Blades
  1047 | D:2      | Reached skill level 1 in Long Blades
  1047 | D:2      | Reached skill level 1 in Axes
  1047 | D:2      | Reached skill level 1 in Maces & Flails
  1047 | D:2      | Reached skill level 1 in Staves
  1047 | D:2      | Reached skill level 1 in Slings
  1047 | D:2      | Reached skill level 1 in Bows
  1047 | D:2      | Reached skill level 1 in Crossbows
  1047 | D:2      | Reached skill level 1 in Stealth
  1047 | D:2      | Reached skill level 1 in Shields
  1047 | D:2      | Reached skill level 1 in Unarmed Combat
  1047 | D:2      | Reached skill level 1 in Evocations
  1079 | D:2      | Reached XP level 4. HP: 38/38 MP: 11/11
  1192 | D:2      | Reached skill level 1 in Conjurations
  1192 | D:2      | Reached skill level 1 in Hexes
  1192 | D:2      | Reached skill level 1 in Charms
  1192 | D:2      | Reached skill level 1 in Summonings
  1192 | D:2      | Reached skill level 1 in Necromancy
  1192 | D:2      | Reached skill level 1 in Transmutations
  1192 | D:2      | Reached skill level 1 in Fire Magic
  1192 | D:2      | Reached skill level 1 in Ice Magic
  1192 | D:2      | Reached skill level 1 in Air Magic
  1192 | D:2      | Reached skill level 1 in Earth Magic
  1192 | D:2      | Reached skill level 1 in Poison Magic
  2067 | D:3      | Found a deep blue altar of Sif Muna.
  2199 | D:3      | Found a runed door.
  2282 | D:3      | Noticed Crazy Yiuf
  2664 | D:4      | Noticed an orc warrior
  2693 | D:4      | Reached XP level 5. HP: 43/43 MP: 12/12
  2810 | D:4      | Noticed an ogre
  2823 | D:4      | Slain by an orc priest

Vault maps used:
D:1:      ncdulo_wetmaze, fountainhead
D:2:      grunt_decor_cap, minivault_11
D:3:      nicolae_overflow_crystal_walls, st_stairs_7, uniq_crazy_yiuf_cottage
D:4:      minmay_temple_entry_statues_fountains, portal_sewer_entry_c

Skill      XL: |  1  2  3  4 |
---------------+-------------+-----
Spellcasting   | 5 |  5.2
Invocations    | 1 |  1.6
Short Blades   | 1 |  1.4
Long Blades    | 1 |  1.4
Axes           | 1 |  1.4
Maces & Flails | 1 |  1.4
Staves         | 1 |  1.4
Slings         | 1 |  1.4
Bows           | 1 |  1.4
Crossbows      | 1 |  1.4
Stealth        | 1 |  1.4
Shields        | 1 |  1.4
Unarmed Combat | 1 |  1.4
Evocations     | 1 |  1.4
Conjurations   | 1 |  1.1
Hexes          | 1 |  1.1
Charms         | 1 |  1.1
Summonings     | 1 |  1.1
Necromancy     | 1 |  1.1
Transmutations | 1 |  1.1
Fire Magic     | 1 |  1.1
Ice Magic      | 1 |  1.1
Air Magic      | 1 |  1.1
Earth Magic    | 1 |  1.1
Poison Magic   | 1 |  1.1
Fighting       | |  4.7
Polearms       | |  4.7
Throwing       | |  2.9
Armour         | |  2.9
Dodging        | |  4.7
Translocations | |  5.5

Action                   |  1- 3 |  4- 6 || total
-------------------------+-------+-------++-------
Melee: Spear             |   118 |   152 ||   270
       Bite              |    10 |    13 ||    23
       Punch             |       |     1 ||     1
Throw: Stone             |    19 |       ||    19
       Tomahawk          |     5 |       ||     5
 Cast: Shroud of Golubri |     1 |     6 ||     7
  Use: Scroll            |       |     1 ||     1
 Stab: Sleeping          |     2 |     2 ||     4
  Eat: Chunk             |     1 |     5 ||     6
Armor: Leather armour    |    19 |    19 ||    38
Dodge: Dodged            |    54 |    90 ||   144

Table legend:
 A = Spawn XP
 B = Non-spawn XP
 C = Spawn XP percentage of total XP
 D = Spawn monster count
 E = Non-spawn monster count
 F = Spawn count percentage of total count
 G = Total turns spent on level
                    A         B        C        D         E        F      G
               +---------+---------+-------+---------+---------+-------+---------
         Total |       0 |     221 |   0.0 |       0 |      59 |   0.0 |  2823
               +---------+---------+-------+---------+---------+-------+---------
           D:1 |       0 |      38 |   0.0 |       0 |      20 |   0.0 |   786
           D:2 |       0 |     102 |   0.0 |       0 |      25 |   0.0 |  1029
           D:3 |       0 |      15 |   0.0 |       0 |       6 |   0.0 |   842
           D:4 |       0 |      66 |   0.0 |       0 |       8 |   0.0 |   166
               +---------+---------+-------+---------+---------+-------+---------
